Unix NetHack Version 5.0.0-0 post-release - last build May 23 2026 06:08:33 (1c0ff79ee797540d5714e4e18072db0edd9e58ae,branch:main).

Game began 2026-05-26 17:46:34, ended 2026-05-26 18:07:28.

Atomicjoy, chaotic male elven Wizard

 ----                                     ----
 |..---     --------             ---      |..
 |....|     |.......-        -----.------ |..
 |.|..|     |........        |..........| |..
 |.|---     |........--------|.--...--..| |.`|               ---      --
 |.---          -.......|...--.|--.----.| |..--             --..---   .
 |...---        ---*...........| ---  |.---...|              .....-  -.|
 |.....--         |............|      |.....|.|        --    -.....  |.|
 --.....----      ---.........--      ----.^|.|        |... --..... --.|
  |<.......--       |........-- -----    ----.|        |...........--..--
 --.........--- -----.......-- --.|.--     |..|        |........F....@..|
 |............---...........---|.-...---   |..|        |........:....hG.---
 |................-------.....|--......|   |.-|        --- --....h)G......---
 |.........[....#-#     --....|.....|.--   |..|             -- --.--..f.....--
 |.....[).--.#..|      ------.....-----    --.|    --------------.---........|
 --.......-#---------- -..........| ---     |.|   --.........................|
  --.....................-----....--..|     |.|----..------------.--->.......|
   |.....-----------------   ---......|     |.|.....--          |.. --.......|
   |.....|                     |.^....|     |....----           |..| ---.....|
   ---.---                     --.|.---     --..--              ----   -------
     ---                        -----        ----
Atomicjoy the Evoker      St:10 Dx:14 Co:13 In:20 Wi:9 Ch:12  Chaotic
Dlvl:4  $:217 HP:0(19) Pw:8(8) AC:5  Xp:1/10 T:1753  Burdened

Latest messages:
 You have a little trouble lifting U - a pine wand.
 The housecat drops a hooded cloak.
 You see here a hooded cloak.
 You fall into a pit!
 You are still in a pit.
 You are still in a pit.
 You crawl to the edge of the pit.
 The giant rat bites!
 The giant rat just misses!
 The gnome wields a mace!
 The housecat bites the gnome.
 The gnome swings his mace at the housecat.
 The gnome misses the housecat.
 The giant rat bites!
 The giant rat bites!
 You hear some noises in the distance.
 The giant rat bites!
 The giant rat bites!
 You hear some noises.
 The giant rat bites!
 The large cat bites the giant rat.
 The giant rat misses the large cat.
 The giant rat bites!
 The large cat bites the giant rat.
 The giant rat is killed!
 Are you sure you want to pray? [yn] (n) y
 You begin praying to Anhur.
 You are surrounded by a shimmering light.
 The large cat misses the gnome.
 The large cat bites the gnome.
 The gnome is killed!
 You finish your prayer.
 You feel that Anhur is well-pleased.
 You feel much better.
 You swap places with your large cat.
 You see here a green gem.
 You have a little trouble lifting V - a green gem.
 The large cat suddenly disappears!
 With great effort you move the boulder.
 Really step into that teleportation trap? [yn] (n) n
 The gnome lord hits!
 The gnome lord hits!
 The dwarf throws a dagger!
 The dagger hits the gnome.
 A cloud of gas puts you to sleep!
 The gnome lord hits!
 The hobbit thrusts her elven dagger.
 The hobbit hits!
 You die...
 Do you want your possessions identified? [ynq] (y) q

Inventory:
 Coins    ('$')
  $ - 217 gold pieces
 Weapons  (')')
  P - 9 +0 ya
  Q - 6 +0 daggers
  N - a +0 orcish dagger
  a - a blessed +1 quarterstaff (weapon in hands)
  p - a +0 short sword (alternate weapon; not wielded)
 Armor    ('[')
  C - a blessed +0 pair of water walking boots (being worn)
  b - an uncursed +0 cloak of magic resistance (being worn)
  S - an uncursed +0 dwarvish cloak
  D - an uncursed +0 leather armor (being worn)
 Comestibles  ('%')
  H - an uncursed cram ration
  q - 2 uncursed food rations
  G - an uncursed egg
 Scrolls  ('?')
  r - an uncursed scroll of confuse monster
  i - 2 uncursed scrolls of enchant weapon
  B - an uncursed scroll of genocide
  k - an uncursed scroll of identify
  I - an uncursed scroll of light
  j - 2 uncursed scrolls of magic mapping
  x - an uncursed scroll of teleportation
 Potions  ('!')
  s - an uncursed potion of confusion
  f - an uncursed potion of extra healing
  t - a cursed potion of extra healing
  h - an uncursed potion of healing
  w - an uncursed potion of speed
  g - an uncursed potion of water
  E - an uncursed potion of water
 Rings    ('=')
  M - a cursed ring of aggravate monster
  e - an uncursed ring of fire resistance
  A - an uncursed +1 ring of protection (on right hand)
  d - an uncursed ring of protection from shape changers
 Wands    ('/')
  c - a wand of cold (0:7)
  v - a wand of fire (0:7)
  J - a wand of locking (0:6)
  U - a wand of magic missile (0:6)
 Tools    ('(')
  K - an empty cursed sack named C
  L - a cursed bag of tricks (0:5)
  o - an uncursed tooled horn
  T - a blessed crystal ball (0:6)
  n - a magic marker (0:21)
 Gems/Stones  ('*')
  u - an uncursed opal
  V - an uncursed worthless piece of green glass

Atomicjoy the Wizard's attributes:

Background:
 You were an Evoker, a level 1 male elven Wizard.
 You were chaotic, on a mission for Anhur
 who was opposed by Ptah (lawful) and Thoth (neutral).
 You were right-handed.
 You were in the Gnomish Mines, on level 4.
 You entered the dungeon 1753 turns ago.
 You had 10 experience points, 10 more were needed to attain level 2.

Basics:
 You had 0 out of 19 hit points.
 You had all 8 energy points (spell power).
 Your armor class was 5.
 Your wallet contained 217 zorkmids.
 Autopickup was off.

Final Characteristics:
 Your strength was 10 (limit:18).
 Your dexterity was 14 (limit:18).
 Your constitution was 13 (limit:16).
 Your intelligence was 20 (limit:20).
 Your wisdom was 9 (limit:20).
 Your charisma was 12 (limit:18).

Final Status:
 You weren't hungry.
 You were burdened; movement was slightly slowed.
 You were wielding a quarterstaff.
 You had basic skill with quarterstaff.

Final Attributes:
 You were devoutly aligned.
 You were magic-protected.
 You had infravision.
 You could walk on water.
 You had a small defense bonus (+1).
 You were guarded.
 You are dead.

Miscellaneous:
 You didn't encounter any bones levels.
 Total elapsed playing time was 20 minutes and 41 seconds.

Major events:
 Turn
    1: Atomicjoy the chaotic male elven Wizard entered the dungeon
 1101: entered the Gnomish Mines
 1753: killed by a hobbit, while sleeping

Spells:
 Name                 Level Category     Fail Retention
 force bolt             1   attack         0%  91%-100%
 detect unseen          3   divination    71%  76%-100%

Skills:
 Fighting Skills
   bare handed combat [Unskilled]
   riding             [Unskilled]
 Weapon Skills
   dagger             [Unskilled]
   knife              [Unskilled]
   axe                [Unskilled]
   short sword        [Unskilled]
   club               [Unskilled]
   mace               [Unskilled]
   quarterstaff       [Basic]
   polearms           [Unskilled]
   spear              [Unskilled]
   trident            [Unskilled]
   sling              [Unskilled]
   dart               [Unskilled]
   shuriken           [Unskilled]
 Spellcasting Skills
   attack spells      [Basic]
   healing spells     [Unskilled]
   divination spells  [Unskilled]
   enchantment spells [Basic]
   clerical spells    [Unskilled]
   escape spells      [Unskilled]
   matter spells      [Unskilled]

Voluntary challenges:
 Character rerolling was not enabled.
 You were illiterate.
 You never genocided any monsters.
 You never polymorphed an object.
 You never changed form.
 You used no wishes.
Achievements:
 You entered a shop.
 You entered the Gnomish Mines.

 The Dungeons of Doom: levels 1 to 4
    Level 1:
       Many fountains.
    Level 2:
       A general store.
    Level 3:
       A fountain.
       Stairs down to The Gnomish Mines.
    Level 4:
 The Gnomish Mines:
    Level 4: <- You were here.
       Final resting place for
          you, killed by a hobbit, while sleeping.


Vanquished creatures:
  2 gnome leaders
  2 dwarves
 an acid blob
  2 giant rats
  5 gnomes
  2 geckos
  7 jackals
  a fox
  a goblin
  3 sewer rats
  6 grid bugs
  2 lichens
  6 newts
40 creatures vanquished.

No species were genocided or became extinct.

Game over:
                       ----------
                      /          \
                     /    REST    \
                    /      IN      \
                   /     PEACE      \
                  /                  \
                  |    Atomicjoy     |
                  |      217 Au      |
                  |   killed by a    |
                  |      hobbit      |
                  |                  |
                  |                  |
                  |       2026       |
                 *|     *  *  *      | *
        _________)/\\_//(\/(/\)/\//\/|_)_______

Goodbye Atomicjoy the Wizard...

You died in The Gnomish Mines on dungeon level 4 with 386 points,
and 217 pieces of gold, after 1753 moves.
You were level 1 with a maximum of 19 hit points when you died.

